 Dungeon Crawl Stone Soup version 0.29-a0-308-g4e025c60ea (webtiles) character file.

Game seed: 3450096344916788104

1947 Flugkiller the Caller (level 9, 0/64 (65) HPs)
             Began as a Gnoll Summoner on Mar 28, 2022.
             Slain by a necrophage (6 damage)
             ... on level 7 of the Dungeon.
             The game lasted 00:11:08 (8341 turns).

Flugkiller the Caller (Gnoll Summoner)              Turns: 8341, Time: 00:11:08

HP:   0/64 (65)     AC:  7    Str:  8    XL:     9   Next: 18%
MP:   27/27         EV: 15    Int: 15    God:
Gold: 339           SH:  0    Dex: 16    Spells: 12/20 levels left

rFire   . . .      SeeInvis .   g - +3 scimitar
rCold   . . .      Faith    .   (no shield)
rNeg    . . .      Spirit   .   a - +0 robe
rPois   .          Reflect  .   n - +2 helmet
rElec   .          Harm     .   s - +0 cloak
rCorr   .          Rampage  .   e - +0 pair of gloves
Will    +....                   (no boots)
Stlth   +++.......              z - amulet of magic regeneration
HPRegen 0.20/turn               k - ring of magical power
MPRegen 0.60/turn               m - ring of willpower

@: studying Shields, lightly drained
A: fangs 1, strong nose, distributed training
a: no special abilities


You were on level 7 of the Dungeon.
You visited 1 branch of the dungeon, and saw 7 of its levels.

You collected 372 gold pieces.
You spent 33 gold pieces at shops.

Inventory:

Hand Weapons
 c - a +1 dagger of venom
   (You took it off a goblin on level 1 of the Dungeon)
 g - a +3 scimitar (weapon)
   (You took it off a wight on level 7 of the Dungeon)
 i - a +4 dagger
   (You took it off a kobold on level 1 of the Dungeon)
Armour
 a - a +0 robe (worn)
 e - a +0 pair of gloves (worn)
   (You found it on level 4 of the Dungeon)
 f - a scarf of harm
   (You found it on level 3 of the Dungeon)
 l - a +2 ring mail of cold resistance
   (You found it on level 2 of the Dungeon)
 n - a +2 helmet (worn)
   (You found it on level 2 of the Dungeon)
 s - a +0 cloak (worn)
   (You found it on level 3 of the Dungeon)
Jewellery
 k - a ring of magical power (left hand)
   (You found it on level 2 of the Dungeon)
 m - a ring of willpower (right hand)
   (You found it on level 6 of the Dungeon)
 z - an amulet of magic regeneration (around neck)
   (You found it on level 1 of the Dungeon)
 B - a ring of willpower
   (You found it on level 6 of the Dungeon)
Wands
 o - a wand of acid (11)
   (You found it on level 2 of the Dungeon)
 r - a wand of digging (2)
   (You found it on level 7 of the Dungeon)
 C - a wand of iceblast (10)
   (You found it on level 5 of the Dungeon)
Scrolls
 t - 4 scrolls of teleportation
 u - a scroll of silence {unknown}
 v - a scroll of fear {unknown}
 x - a scroll of fog {unknown}
 y - 3 scrolls of vulnerability
 D - a scroll of brand weapon
 E - a scroll of blinking {unknown}
 F - a scroll of enchant weapon {unknown}
Potions
 b - a potion of magic
 d - 3 potions of cancellation {unknown}
 h - a potion of haste
 j - 4 potions of flight
 p - 2 potions of attraction {unknown}
 q - 4 potions of curing
 w - a potion of ambrosia {unknown}
 A - a potion of mutation {unknown}
 G - a potion of brilliance {unknown}
Miscellaneous
 H - a condenser vane
   (You found it on level 7 of the Dungeon)


   Skills:
 + Level 4.0 Fighting
 + Level 4.0 Short Blades
 + Level 4.0 Long Blades
 + Level 4.0 Axes
 + Level 4.0 Maces & Flails
 + Level 4.0 Polearms
 + Level 4.0 Staves
 + Level 4.0 Slings
 + Level 4.0 Bows
 + Level 4.0 Crossbows
 + Level 4.0 Throwing
 + Level 4.0 Armour
 + Level 6.1 Dodging
 + Level 5.8 Stealth
 + Level 5.6 Shields
 + Level 4.0 Unarmed Combat
 + Level 6.4 Spellcasting
 + Level 3.2 Conjurations
 + Level 3.2 Hexes
 + Level 7.9 Summonings
 + Level 3.2 Necromancy
 + Level 3.2 Translocations
 + Level 3.2 Transmutations
 + Level 3.2 Fire Magic
 + Level 3.2 Ice Magic
 + Level 3.2 Air Magic
 + Level 3.2 Earth Magic
 + Level 3.2 Poison Magic
 + Level 4.4 Invocations
 + Level 4.0 Evocations


You had 12 spell levels left.
You knew the following spells:

 Your Spells              Type           Power      Damage    Failure   Level
a - Summon Small Mammal   Summ           100%       N/A       1%          1
b - Summon Lightning Spi  Summ/Air       21%        N/A       14%         4
c - Call Canine Familiar  Summ           28%        N/A       1%          3

Your spell library contained the following spells:

 Spells                   Type           Power      Damage    Failure   Level
 Call Imp                 Summ           28%        N/A       1%          2
 Animate Skeleton         Necr           28%        N/A       3%          1
 Pain                     Necr           56%        1d6       3%          1
 Summon Guardian Golem    Hex/Summ       21%        N/A       4%          3
 Dazzling Flash           Conj/Hex       28%        N/A       11%         3
 Vampiric Draining        Necr           14%        2d7       11%         3
 Agony                    Necr           14%        N/A       71%         5
 Silence                  Hex/Air        7%         N/A       71%         5


Dungeon Overview and Level Annotations

Branches:
Dungeon (7/15)
 Temple: D:4-7

Altars:
Cheibriados
Elyvilon
Fedhas
Gozag
Hepliaklqana
Makhleb
Qazlal
Sif Muna
Vehumet

Shops:
D:2 *   D:3 *

Annotations:
D:4 1 runed translucent door, Zing's ghost, amateur DjFE
D:7 2 runed translucent doors


Innate Abilities, Weirdness & Mutations

You have very sharp teeth.
Your uncanny sense of smell can sniff out nearby items.
Your experience applies equally to all skills.


Message History

The orc wizard flickers and vanishes!
Deactivating autopickup; reactivate with Ctrl-A.
Something barely misses you.
You closely miss something. Something hits you but does no damage.
You barely miss something.
Something hits you but does no damage. x2
You slash something!
You hear some strange, mumbled words.
A puff of flame appears from out of thin air!
The puff of flame misses you.
You closely miss something. Something hits you but does no damage.
You completely miss something.
You hear some strange, mumbled words.
A magic dart appears from out of thin air!
The magic dart hits you.
You slash something!
Reactivating autopickup.
You feel a bit more experienced.
Things that are here:
a +0 dagger; a +0 robe A bullfrog comes into view.
You see here 27 gold pieces.
You see here a condenser vane.
H - a condenser vane The bullfrog hits you.
Your quokka closely misses the bullfrog.
You hit the bullfrog.
The bullfrog is lightly wounded.
The bullfrog closely misses you. The bullfrog completely misses you.
Your quokka barely misses the bullfrog.
You barely miss the bullfrog. Your bite misses the bullfrog.
The bullfrog is lightly wounded.
The bullfrog hits you!
Your quokka misses the bullfrog.
The bullfrog hits you but does no damage.
You are too injured to fight recklessly!
You hit the bullfrog. Your bite misses the bullfrog.
The bullfrog is moderately wounded.
Your quokka barely misses the bullfrog.
The bullfrog closely misses you.
A necrophage comes into view.
Your quokka misses the bullfrog. The bullfrog completely misses you.
You are too injured to fight recklessly!
You closely miss the bullfrog. Your bite misses the bullfrog.
The bullfrog is moderately wounded.
The bullfrog completely misses you.
Your quokka barely misses the bullfrog.
You closely miss the bullfrog.
The bullfrog is moderately wounded.
Your quokka disappears in a puff of smoke!
The bullfrog completely misses you. The bullfrog hits you.
You hit the bullfrog.
The bullfrog is heavily wounded.
The bullfrog misses you. The bullfrog hits you.
* * * LOW HITPOINT WARNING * * *
Casting: Summon Small Mammal (safe; 1% risk of failure)
Confirm with . or Enter, or press ? or * to list all spells.
The bullfrog barely misses you.
The necrophage hits your quokka but does no damage.
The bullfrog hits you!
* * * LOW HITPOINT WARNING * * *
You hit the bullfrog.
The bullfrog is severely wounded.
The bullfrog misses you.
Your quokka bites the necrophage.
The necrophage completely misses your quokka.
You slash the bullfrog!
You kill the bullfrog!
Your quokka bites the necrophage but does no damage.
Your Fighting skill increases to level 4!
Your Short Blades skill increases to level 4!
Your Long Blades skill increases to level 4!
Your Axes skill increases to level 4!
Your Maces & Flails skill increases to level 4!
Your Polearms skill increases to level 4!
Your Staves skill increases to level 4!
Your Slings skill increases to level 4!
Your Bows skill increases to level 4!
Your Crossbows skill increases to level 4!
Your Throwing skill increases to level 4!
Your Armour skill increases to level 4!
Your Unarmed Combat skill increases to level 4!
Your Evocations skill increases to level 4!
You closely miss the necrophage.
The necrophage is lightly damaged.
Your quokka barely misses the necrophage.
The necrophage hits you.
* * * LOW HITPOINT WARNING * * *
You feel drained.
* * * LOW HITPOINT WARNING * * *
Your quokka barely misses the necrophage.
You slash the necrophage!
The necrophage is heavily damaged.
The necrophage hits you.
* * * LOW HITPOINT WARNING * * *
Your quokka bites the necrophage but does no damage.
You hit the necrophage but do no damage.
The necrophage is heavily damaged.
Your quokka bites the necrophage.
The necrophage misses your quokka.
Your quokka misses the necrophage. The necrophage hits your quokka!
Your quokka dies!
Your quokka's corpse disappears in a puff of smoke!
You hit the necrophage.
The necrophage is severely damaged.
The necrophage hits you.
You die...

... .....# ... ∆
#....####. ... .........#
### ........# |. ###
##++##..# .. #..
##8..8##.# #.#####.# ∆ ∆
#8....8#.# #........
#..(..@#.# #.#######
#[....n#.# #.##### ∆
#8)...8#.######.#...###
##8..8##...............
o'.##''##..#####.._..._..
∆ #..)......# #.).......
#..>..###.# #._..⌠.._.
#....## #.# #.........
#.....# #.# #.._..._.#


You could see a necrophage.

Vanquished Creatures
  An unseen horror (D:7)
  A water moccasin (D:6)
  A black bear (D:6)
  A phantom (D:5)
  A bullfrog (D:7)
  A gnoll sergeant (D:5)
  A scorpion (D:5)
  A necrophage (D:4)
  3 wights (D:7)
  A howler monkey (D:5)
  2 jellies
  3 hounds
  A gnoll shaman (D:6)
  An orc wizard (D:7)
  5 iguanas
  5 adders
  9 gnolls
  2 ufetubi
  A worm (D:2)
  3 dart slugs
  An orc (D:5)
  4 ball pythons
  8 endoplasms
  2 giant cockroaches
  7 hobgoblins
  5 jackals
  10 kobolds
  3 quokkas
  4 bats
  2 frilled lizards
  4 goblins
  5 rats
99 creatures vanquished.

Vanquished Creatures (collateral kills)
  A black bear (D:5)
  A sky beast (D:6)
  2 gnoll shamans
  A jelly (D:4)
  An iguana (D:2)
  11 gnolls
  An adder (D:6)
  A dart slug (D:3)
  A worm (D:2)
  5 orcs
  A ball python (D:1)
  3 endoplasms
  A giant cockroach (D:3)
  4 goblins
  2 hobgoblins
  5 jackals (D:1)
  2 kobolds (D:1)
  A frilled lizard (D:1)
44 creatures vanquished.

Vanquished Creatures (others)
  A gnoll (D:5)
  16 plants (D:5)
17 creatures vanquished.

Grand Total: 160 creatures vanquished

Notes
Turn   | Place    | Note
-------+----------+-------------------------------------------
     0 | D:1      | Flugkiller the Gnoll Summoner began the quest for the Orb.
     0 | D:1      | Reached XP level 1. HP: 13/13 MP: 6/6
   106 | D:1      | Reached XP level 2. HP: 17/19 MP: 7/7
   539 | D:1      | Reached XP level 3. HP: 7/25 MP: 6/9
   880 | D:1      | Reached skill level 5 in Spellcasting
  1362 | D:1      | Reached skill level 1 in Invocations
  1720 | D:2      | Reached skill level 1 in Fighting
  1720 | D:2      | Reached skill level 1 in Short Blades
  1720 | D:2      | Reached skill level 1 in Long Blades
  1720 | D:2      | Reached skill level 1 in Axes
  1720 | D:2      | Reached skill level 1 in Maces & Flails
  1720 | D:2      | Reached skill level 1 in Polearms
  1720 | D:2      | Reached skill level 1 in Staves
  1720 | D:2      | Reached skill level 1 in Slings
  1720 | D:2      | Reached skill level 1 in Bows
  1720 | D:2      | Reached skill level 1 in Crossbows
  1720 | D:2      | Reached skill level 1 in Throwing
  1720 | D:2      | Reached skill level 1 in Armour
  1720 | D:2      | Reached skill level 1 in Shields
  1720 | D:2      | Reached skill level 1 in Unarmed Combat
  1720 | D:2      | Reached skill level 1 in Evocations
  2049 | D:2      | Found Neyzaf's General Store.
  2061 | D:2      | Learned a level 3 spell: Call Canine Familiar
  2132 | D:2      | Reached XP level 4. HP: 24/32 MP: 11/11
  2456 | D:2      | Reached skill level 1 in Conjurations
  2456 | D:2      | Reached skill level 1 in Hexes
  2456 | D:2      | Reached skill level 1 in Necromancy
  2456 | D:2      | Reached skill level 1 in Translocations
  2456 | D:2      | Reached skill level 1 in Transmutations
  2456 | D:2      | Reached skill level 1 in Fire Magic
  2456 | D:2      | Reached skill level 1 in Ice Magic
  2456 | D:2      | Reached skill level 1 in Air Magic
  2456 | D:2      | Reached skill level 1 in Earth Magic
  2456 | D:2      | Reached skill level 1 in Poison Magic
  2891 | D:3      | Reached XP level 5. HP: 19/37 MP: 12/12
  3800 | D:3      | Found Diaxes's General Store.
  3806 | D:3      | Bought a scroll of teleportation for 33 gold pieces
  4036 | D:4      | Reached XP level 6. HP: 43/44 MP: 13/13
  4168 | D:4      | Found a runed translucent door.
  4169 | D:4      | Noticed Zing's ghost (amateur DjFE)
  4403 | D:4      | Reached skill level 5 in Dodging
  4451 | D:4      | Found a stormy altar of Qazlal.
  4893 | D:5      | Entered Level 5 of the Dungeon
  4893 | D:5      | You fall into a shaft and drop 1 floor!
  4901 | D:6      | Learned a level 4 spell: Summon Lightning Spire
  5093 | D:6      | Noticed a sky beast
  5105 | D:6      | Killed a sky beast
  5106 | D:6      | Reached XP level 7. HP: 31/50 MP: 15/15
  5420 | D:5      | Reached skill level 5 in Stealth
  5674 | D:5      | Reached XP level 8. HP: 57/57 MP: 16/16
  5772 | D:5      | Found a hazy altar of Hepliaklqana.
  6628 | D:5      | Found a snail-covered altar of Cheibriados.
  7804 | D:6      | Reached skill level 5 in Shields
  8180 | D:7      | Found an opulent altar of Gozag.
  8180 | D:7      | Found a burning altar of Makhleb.
  8181 | D:7      | Found a blossoming altar of Fedhas.
  8183 | D:7      | Found a white marble altar of Elyvilon.
  8183 | D:7      | Found a shimmering blue altar of Sif Muna.
  8250 | D:7      | Found a radiant altar of Vehumet.
  8264 | D:7      | Found a large runed translucent door.
  8265 | D:7      | Found a large runed translucent door.
  8267 | D:7      | Found a large runed translucent door.
  8267 | D:7      | Found a large runed translucent door.
  8290 | D:7      | Killed an unseen horror
  8291 | D:7      | Reached XP level 9. HP: 35/65 MP: 18/18
  8341 | D:7      | Slain by a necrophage

Illustrated notes

Levels and vault maps discovered:
D:1:      scummos_arrival_star, layout_basic
D:2:      layout_loops_ring, serial_shops, shop, minmay_split_cup_large
D:3:      layout_loops_corners, serial_shops, nicolae_shop_advertising_works
          [nicolae_subvault_shop_adworks], minmay_fractal_squares_diagonal_5
D:4:      layout_cave_pods, nicolae_qazlal_scattered_showers,
          ebering_ghost_reflecting_pool
D:5:      layout_basic, nicolae_hepliaklqana_hazy_memory, chei_slow_surprise,
          serial_glass, glass_columns_b, glass_columns_c, glass_columns_b,
          glass_columns_a
D:6:      layout_basic
D:7:      layout_basic, grunt_temple_overflow_open,
          minmay_temple_entry_statues_fountains, enter_bailey_4,
          nicolae_water_bricks, minmay_hollow_rounded_squares, uniq_pikel

Skill      XL: |  1  2  3  4  5  6  7  8  9 |
---------------+----------------------------+-----
Spellcasting   | 5 6 |  6.4
Invocations    | 1 2 3 4 |  4.4
Fighting       | 1 2 3 4 |  4.0
Short Blades   | 1 2 3 4 |  4.0
Long Blades    | 1 2 3 4 |  4.0
Axes           | 1 2 3 4 |  4.0
Maces & Flails | 1 2 3 4 |  4.0
Polearms       | 1 2 3 4 |  4.0
Staves         | 1 2 3 4 |  4.0
Slings         | 1 2 3 4 |  4.0
Bows           | 1 2 3 4 |  4.0
Crossbows      | 1 2 3 4 |  4.0
Throwing       | 1 2 3 4 |  4.0
Armour         | 1 2 3 4 |  4.0
Shields        | 1 2 3 4 5 |  5.6
Unarmed Combat | 1 2 3 4 |  4.0
Evocations     | 1 2 3 4 |  4.0
Conjurations   | 1 2 3 |  3.2
Hexes          | 1 2 3 |  3.2
Necromancy     | 1 2 3 |  3.2
Translocations | 1 2 3 |  3.2
Transmutations | 1 2 3 |  3.2
Fire Magic     | 1 2 3 |  3.2
Ice Magic      | 1 2 3 |  3.2
Air Magic      | 1 2 3 |  3.2
Earth Magic    | 1 2 3 |  3.2
Poison Magic   | 1 2 3 |  3.2
Dodging        | 5 6 |  6.1
Stealth        | 5 |  5.8
Summonings     | |  7.9

Action                   |  1- 3 |  4- 6 |  7- 9 || total
-------------------------+-------+-------+-------++-------
Melee: Unarmed           |     2 |       |       ||     2
       Dagger            |    90 |   137 |   140 ||   367
       Bite              |     7 |    10 |    23 ||    40
       Punch             |       |     2 |     6 ||     8
       Scimitar          |       |       |    35 ||    35
 Cast: Summon Small Mamm |    22 |     3 |     6 ||    31
       Call Canine Famil |       |    15 |    22 ||    37
       Summon Lightning  |       |       |     1 ||     1
Evoke: Wand              |       |       |     2 ||     2
  Use: Scroll            |       |     5 |     3 ||     8
       Potion            |       |       |     7 ||     7
 Stab: Sleeping          |     4 |    14 |     5 ||    23
       Distracted        |       |     1 |     2 ||     3
Armor: Robe              |    19 |    26 |    56 ||   101
Dodge: Dodged            |    73 |    68 |   125 ||   266

Table legend: (Time is in decaauts)
 A = Elapsed time spent in this place.
 B = Non-inter-level travel time spent in this place.
 C = Inter-level travel time spent in this place.
 D = Time resting spent in this place.
 E = Time spent auto-exploring this place.
 F = Levels seen in this place.
 G = Mean time per level.
                   A        B        C        D        E       F      G
               +--------+--------+--------+--------+--------+-----+--------+
         Total |   8323 |   8040 |    283 |   2878 |   3619 |   7 | 1189.0 |
       Dungeon |   8323 |   8040 |    283 |   2878 |   3619 |   7 | 1189.0 |
               +--------+--------+--------+--------+--------+-----+--------+

Top non-repeatable levels by time:
     D:1: 1966 daAuts
     D:6: 1670 daAuts
     D:5: 1573 daAuts
     D:4: 1030 daAuts
     D:2: 947 daAuts
     D:3: 938 daAuts
     D:7: 196 daAuts
